AoeStats
← El Murga!

Lombardia

507582845Analyzed
4v4 RM · 14d ago on Sep 18, 2026· 30m 7s· 8 players
Game mode
Random Map
Map size
Large (8 player)
Population
200
Speed
Normal
Resources
Standard
Victory
Conquest
Starting age
Dark Age
Ending age
Imperial Age
RankedLock teamsTeams togetherTeam positionsShared explorationLock speedFull tech treeHidden civsTurbo modeCheats
Victory
Defeat
🇪🇸 Britons · Spain
1095
+13
🇨🇦 Poles · Canada
1070
+14
🇦🇺 Japanese · Australia
1058
+15
🇪🇸 Mongols · Spain
1044
+15
🇦🇷 Mongols · Argentina
1204
-21
🇦🇷 Byzantines · Argentina
992
-13
🇦🇷 Ethiopians · Argentina
979
-12
🇦🇷 Franks · Argentina
953
-11
MIKELROSSI
11:52 Feudal Age
15:42 Castle Age
13:52 Double-Bit Axe
14:22 Loom
17:19 Bow Saw
16:54 Horse Collar
20:38 Town Watch
20:46 Town Watch
25:31 Stone Mining
25:33 Gold Mining
26:17 Heavy Plow
27:05 Wheelbarrow
26:32 Town Patrol
28:50 Gold Shaft Mining
29:00 Husbandry
29:11 Bloodlines
29:13 Scale Barding Armor
29:01 Fletching
29:14 Padded Archer Armor
GrandMasterTitties
11:56 Feudal Age
10:13 Loom
16:34 Castle Age
15:28 Horse Collar
15:34 Double-Bit Axe
18:04 Wheelbarrow
17:59 Light Cavalry
19:17 Bloodlines
19:15 Scale Barding Armor
20:25 Forging
21:35 Bow Saw
22:18 Husbandry
23:02 Iron Casting
24:37 Chain Barding Armor
27:49 Hand Cart
EL CID
8:14 Loom
11:23 Feudal Age
20:02 Castle Age
19:31 Fletching
21:10 Crossbowman
25:46 Bodkin Arrow
25:53 Padded Archer Armor
25:48 Horse Collar
31:03 Ballistics
30:54 Fortified Wall
Porkroll
15:05 Feudal Age
15:45 Man-at-Arms
21:19 Castle Age
21:47 Pikeman
21:49 Long Swordsman
24:09 Scale Mail Armor
24:29 Forging
27:10 Loom
Sensei
10:57 Feudal Age
13:05 Double-Bit Axe
15:49 Wheelbarrow
15:32 Loom
18:58 Castle Age
20:17 Hand Cart
22:45 Gold Mining
25:28 Scale Barding Armor
27:55 Horse Collar
28:30 Bow Saw
Deiv
4:11 Loom
12:18 Feudal Age
19:07 Castle Age
17:56 Fletching
18:08 Padded Archer Armor
19:26 Double-Bit Axe
23:22 Bow Saw
23:28 Stone Mining
27:09 Crossbowman
El Murga!
7:20 Loom
10:16 Feudal Age
10:57 Double-Bit Axe
15:23 Scale Barding Armor
19:32 Forging
23:32 Castle Age
23:14 Stone Mining
24:21 Fletching
25:26 Bow Saw
29:06 Thumb Ring
Le1t0ftw!
6:17 Loom
11:33 Feudal Age
12:16 Double-Bit Axe
20:05 Wheelbarrow
21:13 Man-at-Arms
25:20 Castle Age
24:10 Gold Mining
25:25 Forging
26:56 Scale Mail Armor
28:24 Iron Casting
Connection lost

Rejoining the realm…

Still unreachable

The connection could not be restored.

Session expired

The server has moved on; the page needs a fresh start.